 Dungeon Crawl Stone Soup version 0.22.1-5-g62c59d9 (webtiles) character file.

85 senseless the Cudgeler (level 4, -1/34 HPs)
             Began as a Demonspawn Gladiator on Jan 11, 2019.
             Succumbed to a worker ant's poison
             ... on level 4 of the Dungeon.
             The game lasted 00:09:09 (2991 turns).

senseless the Cudgeler (Demonspawn Gladiator)       Turns: 2991, Time: 00:09:10

Health: -1/34      AC:  5    Str: 14    XL:     4   Next: 25%
Magic:  4/4        EV: 10    Int:  9    God:
Gold:   161        SH:  7    Dex: 14    Spells: 3/3 levels left

rFire    . . .     SeeInvis .   a - +0 flail
rCold    . . .     Gourm    .   e - +0 shield
rNeg     . . .     Faith    .   b - +0 leather armour
rPois    .         Spirit   .   c - +0 helmet
rElec    .         Reflect  .   j - +0 cloak
rCorr    .         Harm     .   (no gloves)
MR       .....     Rnd*Tele +   (no boots)
Stlth    +++.......             (no amulet)
HPRegen  0.11/turn              g - ring of teleportation (curse)
MPRegen  0.09/turn              n - -2 ring of strength (curse)

@: lethally poisoned (-1 -> -25)
A: nightstalker 2
a: no special abilities


You were on level 4 of the Dungeon.
You were very hungry.

You visited 1 branch of the dungeon, and saw 4 of its levels.

You collected 161 gold pieces.

Inventory:

Hand Weapons
 a - a +0 flail (weapon)
Missiles
 d - 3 throwing nets (quivered)
Armour
 b - a +0 leather armour (worn)
 c - a +0 helmet (worn)
 e - a +0 shield (worn)
 j - a +0 cloak (worn)
Jewellery
 g - a cursed ring of teleportation (left hand)
 n - a cursed -2 ring of strength (right hand)
Scrolls
 i - a scroll of fog
 k - a scroll of blinking
 l - a scroll of identify
Potions
 h - a potion of resistance
Comestibles
 f - 4 rations


   Skills:
 + Level 2.4 Fighting
 + Level 3.5 Maces & Flails
 + Level 1.9 Throwing
 + Level 0.9 Armour
 + Level 3.1 Dodging
 + Level 0.6 Stealth
 + Level 1.0 Shields


You had 3 spell levels left.
You didn't know any spells.
Your spell library was empty.

Dungeon Overview and Level Annotations

Branches:
Dungeon (4/15)
 Temple: D:4-7

Altars:
Xom
Zin


Innate Abilities, Weirdness & Mutations

You are significantly more attuned to the shadows.


Message History

You feel very sick. The worker ant bites you.
* * * LOW HITPOINT WARNING * * *
You are more poisoned.
The worker ant poisons you!
The worker ant bites you but does no damage.
You sock the worker ant!
The worker ant is severely wounded.
* * * LOW HITPOINT WARNING * * *
You feel very sick. The worker ant barely misses you.
You barely miss the worker ant.
The worker ant is severely wounded.
You are suddenly yanked towards a nearby monster!
Your surroundings suddenly seem different.
* * * LOW HITPOINT WARNING * * *
You feel very sick.
Found a ring mail.
An ooze comes into view.
You die...

......#..#...
####.a.......
#..%...........
..............J.#
###...?.........#
#.............##
......... #..[.##
)........#
#.....#
#..#@#.... #..
#.# ..# #. #.. ..
# .... # .....
..#....


You could see an ooze (sleeping).

Vanquished Creatures
  2 adders (D:3)
  2 oozes
  2 leopard geckos
  An orc (D:3)
  6 giant cockroaches
  6 goblins
  5 hobgoblins
  A quokka (D:2)
  3 ball pythons (D:1)
  8 bats
  A frilled lizard (D:1)
  10 kobolds
  7 rats
54 creatures vanquished.

Notes
Turn   | Place    | Note
-------+----------+-------------------------------------------
     0 | D:1      | senseless the Demonspawn Gladiator began the quest for the
                  | Orb.
     0 | D:1      | Reached XP level 1. HP: 16/16 MP: 1/1
   186 | D:1      | Gained mutation: You are slightly more attuned to the
                  | shadows. [demonic ancestry]
   186 | D:1      | Reached XP level 2. HP: 14/22 MP: 2/2
   770 | D:1      | Gained mutation: You are significantly more attuned to the
                  | shadows. [demonic ancestry]
   770 | D:1      | Reached XP level 3. HP: 18/27 MP: 3/3
  2285 | D:3      | Reached XP level 4. HP: 33/33 MP: 4/4
  2405 | D:3      | Found a glowing silver altar of Zin.
  2405 | D:3      | Noticed an angel
  2409 | D:3      | Found a shimmering altar of Xom.
  2545 | D:3      | Reached skill level 1 in Shields
  2990 | D:4      | HP: 1/34 [poisoned by a worker ant]
  2991 | D:4      | Succumbed to a worker ant's poison

Skill      XL: |  1  2  3  4 |
---------------+-------------+-----
Maces & Flails | 3 |  3.5
Dodging        | 3 |  3.1
Shields        | 1 |  1.0
Fighting       | |  2.4
Throwing       | |  1.9
Armour         | |  0.9
Stealth        | |  0.6

Action                   |  1- 3 |  4- 6 || total
-------------------------+-------+-------++-------
Melee: Flail             |   219 |    52 ||   271
  Use: Scroll            |     4 |       ||     4
       Potion            |       |     1 ||     1
 Stab: Sleeping          |     7 |     1 ||     8
  Eat: Chunk             |     5 |     1 ||     6
Armor: Leather armour    |    99 |    12 ||   111
Dodge: Dodged            |   144 |    31 ||   175
Block: Shield            |   102 |    18 ||   120
